 Dungeon Sprint DCSS version 0.21.1-1-g345015f (webtiles) character file.

835 Fang the Fighter (level 7, -7/53 HPs)
             Began as a Gargoyle Berserker on July 15, 2018.
             Was an Elder of Trog.
             Mangled by a shadow (24 damage)
             ... in the Dungeon (Sprint VII: "The Pits").
             The game lasted 00:01:42 (929 turns).

Fang the Fighter (Gargoyle Berserker)                Turns: 929, Time: 00:01:42

Health: -7/53      AC:  7    Str: 23    XL:     7   Next: 99%
Magic:  7/7        EV: 15    Int:  7    God:    Trog [****..]
Gold:   0          SH:  0    Dex:  9    Spells: 6/6 levels left

rFire    . . .     SeeInvis .   m - +0 hand axe (freeze)
rCold    . . .     Gourm    .   (no shield)
rNeg     + . .     Faith    .   b - +0 animal skin
rPois    ∞         Spirit   .   (no helmet)
rElec    +         Reflect  .   (no cloak)
rCorr    .         Harm     .   (no gloves)
MR       .....     NoTele   +   (no boots)
Stlth    +.........             (no amulet)
HPRegen  0.17/turn              (no ring)
MPRegen  0.10/turn              (no ring)

@: no status effects
A: negative energy resistance 1, electricity resistance, unbreathing,
petrification resistance, rot immunity, AC +4
a: Berserk, Trog's Hand, Brothers in Arms, Burn Spellbooks, Renounce Religion


You were in the Dungeon.
You worshipped Trog.
Trog was greatly pleased with you.
You were very hungry.

You visited 1 branch

Inventory:

Hand Weapons
 j - a +2 hand axe
 m - a +0 hand axe of freezing (weapon)
Armour
 b - a +0 animal skin (worn)
Scrolls
 i - a scroll of blinking
 k - 3 scrolls of remove curse
 l - a scroll of summoning
Potions
 a - 2 potions of invisibility
 d - 6 potions of curing
 e - 5 potions of heal wounds
 f - a potion of haste
 g - 4 potions of magic
 h - 3 potions of berserk rage
Comestibles
 c - 9 rations


   Skills:
 + Level 10.4 Fighting
 + Level 10.1 Axes
 + Level 5.0 Armour
 + Level 7.3 Dodging
 + Level 1.1 Stealth


You had 6 spell levels left.
You didn't know any spells.

Dungeon Overview and Level Annotations

Branches:
Dungeon (1/1)

Altars:
Ashenzari
Cheibriados
Dithmenos
Elyvilon
Fedhas
Gozag
Hepliaklqana
Kikubaaqudgha
Makhleb
Nemelex Xobeh
Okawaru
Qazlal
Ru
Sif Muna
Trog
Uskayaw
Vehumet
Wu Jian
Xom
Yredelemnul
Zin
The Shining One
Beogh
Jiyva
Lugonu


Innate Abilities, Weirdness & Mutations

You are resistant to torment.
Your stone body is resilient. (AC +4)
You are immune to poison.
You resist negative energy. (rN+)
You are resistant to electric shocks. (rElec)
You can survive without breathing.
You are immune to petrification.
You are immune to rotting.


Message History

You are too injured to fight recklessly!
You are too injured to fight recklessly!
Your ogre goes berserk!
You feel quite a bit more hungry. Trog will no longer gift you weapons.
The shadow closely misses you. The shadow hits you.
There is an open door, spattered with blood here.
Things that are here:
a whip of freezing; a robe The shadow hits your ogre!
Your ogre closely misses the shadow.
You swap places.
The shadow slips into darkness.
The shadow flickers and vanishes!
Deactivating autopickup; reactivate with Ctrl-A.
There is an open door, spattered with blood here.
Things that are here:
a whip of freezing; a robe The shadow strikes at you from the darkness!
You die...

#.#........##.......#
#)###########.......#
#.).....# #########
#.......# #.).#...#
#).###..#+#
#...#...#.+
#......O#'#
#.....@.).#
###########


You could see a friendly ogre (berserk).

Vanquished Creatures
  Pikel (D)
  A fire bat (D)
  A floating eye (D)
  2 worker ants (D)
  A mummy (D)
  3 gnolls (D)
  An adder (D)
  An ufetubus (D)
  A worm (D)
  An orc (D)
  A bat zombie (D)
  A giant cockroach (D)
  3 jackals (D)
  A rat (D)
19 creatures vanquished.

Vanquished Creatures (collateral kills)
  A gnoll sergeant (D)
  2 gnolls (D)
3 creatures vanquished.

Grand Total: 22 creatures vanquished

Notes
Turn   | Place    | Note
-------+----------+-------------------------------------------
     0 | D        | Fang the Gargoyle Berserker began the quest for the Orb.
     0 | D        | Reached XP level 1. HP: 14/14 MP: 1/1
    16 | D        | Reached XP level 2. HP: 13/20 MP: 2/2
   175 | D        | Found a bloodstained altar of Trog.
   175 | D        | Found a deep blue altar of Sif Muna.
   175 | D        | Found a viscous altar of Jiyva.
   175 | D        | Found a hazy altar of Hepliaklqana.
   175 | D        | Found an opulent altar of Gozag.
   176 | D        | Found a glowing golden altar of the Shining One.
   176 | D        | Found a glowing silver altar of Zin.
   176 | D        | Found a basalt altar of Yredelemnul.
   176 | D        | Found a shimmering altar of Xom.
   176 | D        | Found an ornate altar of the Wu Jian Council.
   176 | D        | Found a sacrificial altar of Ru.
   176 | D        | Found a stormy altar of Qazlal.
   176 | D        | Found an iron altar of Okawaru.
   176 | D        | Found a sparkling altar of Nemelex Xobeh.
   176 | D        | Found a burning altar of Makhleb.
   176 | D        | Found a blossoming altar of Fedhas.
   176 | D        | Found a white marble altar of Elyvilon.
   176 | D        | Found a shadowy altar of Dithmenos.
   176 | D        | Found a snail-covered altar of Cheibriados.
   178 | D        | Found a radiant altar of Vehumet.
   178 | D        | Found a corrupted altar of Lugonu.
   178 | D        | Found a roughly hewn altar of Beogh.
   180 | D        | Found an ancient bone altar of Kikubaaqudgha.
   180 | D        | Found a hide-covered altar of Uskayaw.
   180 | D        | Found a shattered altar of Ashenzari.
   221 | D        | Reached ** piety under Trog
   297 | D        | Noticed a floating eye
   299 | D        | Paralysed by a floating eye for 3 turns
   304 | D        | Killed a floating eye
   304 | D        | Reached *** piety under Trog
   304 | D        | Reached XP level 3. HP: 28/28 MP: 3/3
   304 | D        | Reached XP level 4. HP: 34/34 MP: 4/4
   304 | D        | Reached XP level 5. HP: 38/38 MP: 5/5
   317 | D        | Reached **** piety under Trog
   444 | D        | Noticed a fire bat
   453 | D        | Killed a fire bat
   453 | D        | Reached ***** piety under Trog
   453 | D        | Reached skill level 5 in Dodging
   453 | D        | Reached XP level 6. HP: 46/46 MP: 6/6
   767 | D        | Noticed Pikel
   788 | D        | Killed Pikel
   788 | D        | Reached skill level 10 in Fighting
   788 | D        | Reached skill level 10 in Axes
   788 | D        | Reached skill level 5 in Armour
   788 | D        | Reached skill level 1 in Stealth
   788 | D        | Reached XP level 7. HP: 28/53 MP: 7/7
   916 | D        | Noticed a shadow
   929 | D        | Mangled by a shadow

Skill      XL: |  1  2  3  4  5  6 |
---------------+-------------------+-----
Fighting       | 4 7 9 10 | 10.4
Axes           | 3 6 8 10 | 10.1
Dodging        | 2 3 5 7 |  7.3
Armour         | 3 4 5 |  5.0
Stealth        | 1 |  1.1

Action                   |  1- 3 |  4- 6 |  7- 9 || total
-------------------------+-------+-------+-------++-------
Melee: Hand axe          |    18 |    40 |     7 ||    65
Invok: Berserk           |     1 |     1 |       ||     2
       Brothers in Arms  |       |     1 |     1 ||     2
  Use: Potion            |       |     1 |       ||     1
  Eat: Chunk             |       |     1 |       ||     1
Armor: Animal skin       |     8 |    17 |       ||    25
Dodge: Dodged            |    13 |    34 |     2 ||    49
